 Dungeon Crawl Stone Soup version 0.30.0 (webtiles) character file.

Game seed: 12923255991139502579

88 Dani the Chopper (level 4, 7/35 HPs)
             Began as a Demonspawn Fighter on May 20, 2023.
             Quit the game on level 3 of the Dungeon.
             The game lasted 00:03:58 (1710 turns).

Dani the Chopper (Demonspawn Fighter)               Turns: 1710, Time: 00:03:59

Health: 7/35       AC:  9    Str: 16    XL:     4   Next: 29%
Magic:  4/4        EV:  8    Int: 11    God:
Gold:   93         SH:  4    Dex: 13    Spells: 3/3 levels left

rFire   . . .        a - +1 war axe
rCold   . . .        c - +0 buckler
rNeg    . . .        b - +0 scale mail
rPois   .            (helmet restricted)
rElec   .            (no cloak)
rCorr   .            (no gloves)
SInv    .            h - +0 pair of boots
Will    .....        (no amulet) Stlth
                     (no ring)
HPRegen 0.25/turn    (no ring)
MPRegen 0.09/turn

%: no passive effects
@: no status effects
A: antennae 1, yellow scales 1
a: no special abilities


You were on level 3 of the Dungeon.
You visited 1 branch of the dungeon, and saw 3 of its levels.

You collected 93 gold pieces.

Inventory:

Hand Weapons
 a - a +1 war axe (weapon)
Armour
 b - a +0 scale mail (worn)
 c - a +0 buckler (worn)
 h - a +0 pair of boots (worn)
   (You found it on level 2 of the Dungeon)
Scrolls
 e - 3 scrolls of noise
 g - a scroll of immolation
 R - 3 scrolls of identify {@r1}
Potions
 d - 2 potions of might
 f - a potion of magic {unknown}
 j - a potion of attraction {unknown}


   Skills:
 - Level 3.0 Fighting
 + Level 4.2 Axes
 - Level 2.6 Armour
 - Level 2.6 Shields


You had 3 spell levels left.
You didn't know any spells.
Your spell library contained the following spells:

 Spells                   Type           Power      Damage    Failure   Level
 Blink                    Tloc           0%         N/A       94%         2
 Lesser Beckoning         Tloc           0%         N/A       94%         2
 Momentum Strike          Conj/Tloc      0%         3d8       94%         2


Dungeon Overview and Level Annotations

Branches:
Dungeon (3/15)

Altars:
Wu Jian

Shops:
D:3 (


Innate Abilities, Weirdness & Mutations

You have a pair of small antennae on your head.
You are partially covered in yellow scales. (AC +2)


Message History

A bat is nearby!
A bat is nearby!
You slash the bat!
You kill the bat!
Key pressed, stopping explore.
No target in view!
Key pressed, stopping explore.
No target in view!
Key pressed, stopping explore.
Key pressed, stopping explore.
Key pressed, stopping explore.
Key pressed, stopping explore.
Key pressed, stopping explore.
Key pressed, stopping explore.
Key pressed, stopping explore.
Key pressed, stopping explore.
Done exploring.
Done exploring.
Done exploring.
Done exploring.
Done exploring.
There is a stone staircase leading down here.
You climb downwards.
There is a stone staircase leading up here.
Key pressed, stopping explore.
Key pressed, stopping explore.
Key pressed, stopping explore.
Found a stone staircase leading up.
There is a stone staircase leading up here.
Key pressed, stopping explore.
Key pressed, stopping explore.
Found an ornate altar of the Wu Jian Council.
Found a mace.
d - 2 potions of might (gained 1) Key pressed, stopping explore.
Found a hand axe.
You now have 93 gold pieces (gained 10).
Key pressed, stopping explore.
Key pressed, stopping explore.
No target in view!
Key pressed, stopping explore.
No target in view!
Key pressed, stopping explore.
Key pressed, stopping explore.
No target in view!
Found a spear.
Found Zackos's Weapon Shoppe.
Found an escape hatch in the floor.
An orc comes into view. It is wielding a +0 dagger.
The orc shouts!
You hear a shout!
An orc priest comes into view. It is wielding a +0 whip.
There are monsters nearby!
There are monsters nearby!
An orc priest comes into view. It is wielding a +0 hand axe.
The orc priest shouts! x2; You hear a shout!
An orc comes into view. It is wielding a +0 morningstar.
An orc comes into view. It is wielding a +0 club.
An orc comes into view. It is wielding a +0 club.
The orc shouts! x3
An orc comes into view. It is wielding a +0 club.
Found 3 scrolls labelled YJEMYE XAAPAX.
The orc priest invokes the aid of Beogh against you.
Pain shoots through your body! The orc hits you but does no damage.
An orc comes into view. It is wielding a +1 heavy flail.
A kobold comes into view. It is wielding a +0 short sword.
An orc comes into view. It is wielding a +0 dagger.
The orc shouts! x2
The orc barely misses you.
You slash the orc priest!
The orc priest is heavily wounded.
You closely miss the orc. You block the orc priest's attack.
You closely miss the orc priest. You slash the orc!
You kill the orc!
You barely miss the orc. You barely miss the orc priest.
The orc priest invokes the aid of Beogh against you.
Pain shoots through your body!
* * * LOW HITPOINT WARNING * * *
The orc hits you with a +0 dagger.
* * * LOW HITPOINT WARNING * * *
The orc priest barely misses you.
You closely miss the orc priest. You hit the orc but do no damage.
You hit the orc. You hit the orc priest.
The orc priest hits you with a +0 whip.
* * * LOW HITPOINT WARNING * * *
You block the orc's attack.
The orc priest invokes the aid of Beogh against you.
Pain shoots through your body!
* * * LOW HITPOINT WARNING * * *
The orc hits you but does no damage. You block the orc's attack.
You block the orc priest's attack. The orc hits you but does no damage.
You hit the orc priest.
You kill the orc priest!
You barely miss the orc. You barely miss the kobold. You barely miss the orc.
You hit the orc. You block the orc's attack.
The orc hits you but does no damage. The kobold hits you but does no damage.
The orc hits you but does no damage.
Your Axes skill increases to level 4!
You have reached level 4!
You feel agile.
Your demonic ancestry asserts itself...
Yellow scales grow over part of your body.
Are you sure you want to abandon this character and quit the game? (Confirm with "yes".)

..........?.....
................
................
.................
....>......∩.....
.........oo......
........ooo.......
....$...o@Ko......
..................
.............)....
....!.............
..................
..................
#####.#.##.####..
##### #.#.##.# ##
....# #.#.##.#


You could see an orc priest, 6 orcs and a kobold.

Vanquished Creatures
  An orc priest (D:3)
  An adder (D:2)
  A dart slug (D:1)
  An orc (D:3)
  6 bats
  5 endoplasms
  4 giant cockroaches
  3 goblins
  5 hobgoblins
  4 jackals (D:1)
  2 quokkas
  3 ball pythons (D:2)
  2 frilled lizards
  2 kobolds
  2 rats
42 creatures vanquished.

Notes
Turn   | Place    | Note
-------+----------+-------------------------------------------
     0 | D:1      | Dani the Demonspawn Fighter began the quest for the Orb.
     0 | D:1      | Reached XP level 1. HP: 18/18 MP: 1/1
   132 | D:1      | Reached skill level 2 in Axes
   146 | D:1      | Gained mutation: You have a pair of small antennae on your
                  | head. [demonic ancestry]
   146 | D:1      | Reached XP level 2. HP: 10/24 MP: 2/2
   489 | D:1      | Reached skill level 3 in Axes
   632 | D:1      | Reached XP level 3. HP: 29/29 MP: 3/3
  1253 | D:2      | HP: 7/29 [poisoned by a goblin]
  1633 | D:3      | Found an ornate altar of the Wu Jian Council.
  1700 | D:3      | Found Zackos's Weapon Shoppe.
  1708 | D:3      | HP: 5/29 [orc priest/nerve-wracking pain (5)]
  1710 | D:3      | Reached skill level 4 in Axes
  1710 | D:3      | Gained mutation: You are partially covered in yellow
                  | scales. (AC +2) [demonic ancestry]
  1710 | D:3      | Reached XP level 4. HP: 7/35 MP: 4/4
  1710 | D:3      | Quit the game

Illustrated notes

Levels and vault maps discovered:
D:1:      ncdulo_wetmaze, layout_basic, serial_rivers,
          chequers_serial_rivers_micro_c, chequers_serial_rivers_large_b,
          chequers_serial_rivers_small_b, chequers_serial_rivers_micro_c
D:2:      layout_rooms
D:3:      layout_basic, mainiacjoe_overflow_small_starburst,
          lemuel_doored_altar, lemuel_round_altar, serial_shops, shop,
          serial_glass, glass_columns_c, glass_columns_b, minivault_24

Skill      XL: |  1  2  3 |
---------------+----------+-----
Axes           | 2 3 4 |  4.2
Fighting       | |  3.0
Armour         | |  2.6
Shields        | |  2.6

Action                     |  1- 3 |  4- 6 || total
---------------------------+-------+-------++-------
  Melee: War axe           |    98 |       ||    98
    Use: Scroll            |     6 |       ||     6
 Armour: Scale mail        |    57 |       ||    57
  Dodge: Dodged            |    60 |       ||    60
  Block: Buckler           |    34 |       ||    34

Levels and vault maps discovered:
D:1:      ncdulo_wetmaze, layout_basic, serial_rivers,
          chequers_serial_rivers_micro_c, chequers_serial_rivers_large_b,
          chequers_serial_rivers_small_b, chequers_serial_rivers_micro_c
D:2:      layout_rooms
D:3:      layout_basic, mainiacjoe_overflow_small_starburst,
          lemuel_doored_altar, lemuel_round_altar, serial_shops, shop,
          serial_glass, glass_columns_c, glass_columns_b, minivault_24

Table legend: (Time is in decaauts)
 A = Elapsed time spent in this place.
 B = Non-inter-level travel time spent in this place.
 C = Inter-level travel time spent in this place.
 D = Time resting spent in this place.
 E = Time spent auto-exploring this place.
 F = Levels seen in this place.
 G = Mean time per level.
                   A        B        C        D        E       F      G
               +--------+--------+--------+--------+--------+-----+--------+
         Total |   1787 |   1741 |     46 |      0 |   1447 |   3 |  595.7 |
       Dungeon |   1787 |   1741 |     46 |      0 |   1447 |   3 |  595.7 |
               +--------+--------+--------+--------+--------+-----+--------+

Top non-repeatable levels by time:
     D:1: 1083 daAuts
     D:2: 578 daAuts
     D:3: 126 daAuts

Table legend:
 A = Kills in this place as a percentage of kills in the entire game.
 B = Kills by you in this place as a percentage of kills by you in the entire game.
 C = Kills by friends in this place as a percentage of kills by friends in the entire game.
 D = Other kills in this place as a percentage of other kills in the entire game.
 E = Experience gained in this place as a percentage of experience gained in the entire game.
 F = Experience gained in this place divided by the number of levels of this place that you have seen.
                   A       B       C       D       E      F
               +-------+-------+-------+-------+-------+----------------------
         Total | 100.0 | 100.0 |   N/A |   N/A | 100.0 |  42.0
       Dungeon | 100.0 | 100.0 |   N/A |   N/A | 100.0 |  42.0
               +-------+-------+-------+-------+-------+----------------------
